AoeStats
← Chris

Nomad

506507663Analyzed
4v4 RM · 19d ago on Sep 13, 2026· 47m 55s· 8 players
Game mode
Random Map
Map size
231×231
Population
200
Speed
Normal
Resources
Standard
Victory
Conquest
Starting age
Dark Age
Ending age
Imperial Age
RankedLock teamsTeams togetherTeam positionsShared explorationLock speedFull tech treeHidden civsTurbo modeCheats
Victory
Defeat
🇺🇸 Chinese · United States
1354
+17
🇺🇸 Huns · United States
1348
+17
🇩🇪 Magyars · Germany
1336
+17
🇮🇳 Tatars · India
1305
+19
🇵🇪 Cumans · Peru
1412
-20
🇲🇽 Lithuanians · Mexico
1359
-17
🇨🇴 Sicilians · Colombia
1356
-17
🇦🇷 Koreans · Argentina
1341
-16
alf
11:19 Loom
13:50 Feudal Age
15:21 Fishing Lines
15:45 Double-Bit Axe
18:51 Castle Age
19:30 Gillnets
20:56 Town Watch
21:57 Horse Collar
22:26 Pikeman
23:07 Scale Mail Armor
24:39 Chain Mail Armor
24:56 Fletching
27:56 Forging
35:29 Gold Mining
39:47 Imperial Age
37:14 Bodkin Arrow
43:33 Chemistry
rubenciego
8:57 Loom
14:58 Feudal Age
20:40 Castle Age
20:02 Double-Bit Axe
20:11 Gold Mining
20:12 Fishing Lines
21:26 Fletching
22:30 Scale Barding Armor
27:30 Forging
29:34 Chain Barding Armor
31:30 Iron Casting
32:11 Wheelbarrow
34:46 Husbandry
34:57 Bloodlines
35:28 Bodkin Arrow
36:41 Bow Saw
36:25 Stone Mining
36:17 Horse Collar
36:57 Herbal Medicine
38:31 Hand Cart
39:04 Town Watch
Andres_bc81
5:13 Loom
13:21 Feudal Age
27:55 Horse Collar
31:19 Wheelbarrow
30:31 Double-Bit Axe
34:02 Castle Age
35:14 Hand Cart
35:10 Bow Saw
35:01 Heavy Plow
35:02 Gold Mining
35:02 Stone Mining
42:57 Imperial Age
40:56 Scale Mail Armor
41:07 Forging
41:11 Pikeman
41:12 Man-at-Arms
41:38 Gambesons
41:53 Squires
42:11 Chain Mail Armor
41:55 Long Swordsman
43:12 Iron Casting
43:01 Two-Handed Swordsman
43:05 Capped Ram
43:24 Halberdier
45:34 Ballistics
46:14 Chemistry
46:04 Plate Mail Armor
47:30 Blast Furnace
46:22 Fletching
46:42 Heavy Scorpion
Maech_
4:01 Loom
12:24 Feudal Age
15:26 Wheelbarrow
17:19 Double-Bit Axe
20:38 Forging
26:46 Castle Age
25:03 Town Watch
25:52 Horse Collar
28:00 Medium Warships
28:34 Iron Casting
29:24 Fletching
29:41 Gold Mining
33:28 Bodkin Arrow
33:33 Padded Archer Armor
34:15 Ballistics
34:38 Thumb Ring
35:58 Bloodlines
38:25 Imperial Age
36:04 Heavy Plow
36:34 Leather Archer Armor
36:25 Scale Barding Armor
36:21 Steppe Husbandry
38:26 Light Cavalry
40:05 Chain Barding Armor
39:13 Hussar
40:23 Conscription
43:19 Plate Barding Armor
44:43 Blast Furnace
Chris
3:09 Loom
14:38 Feudal Age
16:29 Town Watch
19:33 Castle Age
18:13 Fletching
22:47 Horse Collar
24:37 Heavy Plow
29:06 Scale Mail Armor
29:17 Forging
29:07 Padded Archer Armor
30:18 Pikeman
30:59 Squires
34:30 Wheelbarrow
34:40 Double-Bit Axe
37:05 Ballistics
38:12 Murder Holes
38:54 Bow Saw
43:15 Hand Cart
43:27 Masonry
44:24 Chain Mail Armor
44:07 Bodkin Arrow
44:28 Chain Mail Armor
alexgelas
7:14 Loom
8:15 Loom
13:42 Feudal Age
19:26 Castle Age
17:57 Scale Barding Armor
17:56 Double-Bit Axe
19:03 Gold Mining
18:55 Horse Collar
20:25 Bow Saw
22:42 Forging
24:51 Chain Barding Armor
26:40 Bloodlines
26:32 Husbandry
32:13 Iron Casting
34:24 Pikeman
36:36 Wheelbarrow
36:44 Marauders
37:35 Hand Cart
38:23 Gold Shaft Mining
37:51 Heavy Plow
38:53 Town Watch
45:34 Imperial Age
45:37 Elite Tarkan
46:40 Conscription
46:59 Plate Barding Armor
46:51 Guilds
47:44 Blast Furnace
Nino
3:54 Loom
14:37 Feudal Age
26:44 Castle Age
24:51 Double-Bit Axe
29:03 Castle Age
27:18 Fletching
30:50 Medium Warships
34:59 Bow Saw
34:30 Horse Collar
35:16 Heavy Plow
41:11 Scale Barding Armor
43:37 Chain Barding Armor
44:18 Wheelbarrow
49:22 Imperial Age
48:11 Hand Cart
47:42 Town Watch
Amlan73
13:01 Loom
15:53 Feudal Age
16:21 Double-Bit Axe
21:53 Castle Age
22:03 Fishing Lines
22:28 Fletching
26:54 Wheelbarrow
26:25 Bodkin Arrow
26:41 Forging
31:04 Ballistics
31:47 Bow Saw
35:26 Husbandry
35:37 Bloodlines
38:42 Imperial Age
36:45 Padded Archer Armor
38:34 Leather Archer Armor
38:27 Horse Collar
40:47 Bracer
41:02 Gold Mining
43:12 Conscription
42:22 Heavy Cavalry Archer
43:33 Stone Mining
44:19 Gold Shaft Mining
44:22 Ring Archer Armor
45:21 Murder Holes
46:27 Chemistry
46:34 Scale Barding Armor
47:05 Iron Casting
45:51 Light Cavalry
47:41 Hand Cart
47:11 Town Watch
47:48 Chain Barding Armor
46:50 Hussar
Connection lost

Rejoining the realm…

Still unreachable

The connection could not be restored.

Session expired

The server has moved on; the page needs a fresh start.